 Dungeon Crawl Stone Soup version 0.32-a0-135-g14f8b2e1af (webtiles) character file.

Game seed: 17403074593845366190

233850 Colgate the Stormcaller (level 19, -18/112 HPs)
             Began as a Vine Stalker Air Elementalist on Feb 5, 2024.
             Was a High Priest of Ashenzari.
             Shot with an arrow by a deep elf master archer (26 damage)
             ... in a wizard's laboratory on Feb 10, 2024.
             The game lasted 04:29:16 (54439 turns).

Colgate the Stormcaller (VSAE)                     Turns: 54439, Time: 04:29:16

Health: -18/112    AC: 31    Str: 21    XL:     19   Next: 12%
Magic:  0/42       EV: 12    Int: 13    God:    Ashenzari [*****.]
Gold:   1744       SH:  5    Dex: 15    Spells: 33/54 levels left

rFire   + + +        b - +3 short sword "Ensconced Orthodoxy" {speed, Dev, Fort} (curse)
rCold   + . .        E - orb {mayhem}
rNeg    + + .        D - +3 plate armour of the All-seeing Ether {Range, Bglg} (curse)
rPois   +            g - +1 helmet of the Cursed Ethics {Int+3, Dev, Sorc} (curse)
rElec   .            G - +0 cloak of Ashenzari's Inaction {Stlth+, Self, Cun} (curse)
rCorr   +            L - +0 pair of gloves "Bound Together" {Cun, Dev} (curse)
SInv    +            f - +2 pair of boots of Ashenzari's Black Moon {Self, Fort} (curse)
Will    +++..        M - amulet of Supernal Understanding {Reflect SH+5, Bglg, Cun} (curse) Stlth
                     w - ring "Thunder Perfect Mind" {rF+++ rN++ Will+ Int-5, Cun, Dev} (curse)
HPRegen 1.98/turn    S - ring "Ungopoh" {+Blink rPois rC+ rCorr Str+2}
MPRegen 0.28/turn

%: mayhem, reflection, clarity, guardian spirit
@: no status effects
A: fangs 3, regeneration 2, magic shield, antimagic bite, no potion heal 2
}: 2/15 runes: decaying, gossamer
a: Renounce Religion, Evoke Blink, Curse Item, Shatter the Chains


You were in a wizard's laboratory.
You worshipped Ashenzari.
Ashenzari was extremely pleased with you.
You visited 7 branches of the dungeon, and saw 33 of its levels.
You also visited: Ossuary, Bailey, Ice Cave and Wizlab.

You collected 3499 gold pieces.
You spent 1755 gold pieces at shops.

Inventory:

Hand Weapons
 b - the cursed +3 short sword "Ensconced Orthodoxy" (weapon) {speed, Dev, Fort}
   (You took it off an orc on level 8 of the Dungeon)

   It has a curse which improves the following skills: Devices: Evocations and
   Shapeshifting.
   Fortitude: Armour and Shields.
 c - a +1 short sword of speed
Missiles
 C - a throwing net {!f}
Armour
 f - the cursed +2 pair of boots of Ashenzari's Black Moon (worn) {Self, Fort}
   (You found it on level 1 of the Dungeon)

   It has a curse which improves the following skills: Introspection: Fighting
   and Spellcasting.
   Fortitude: Armour and Shields.
 g - the cursed +1 helmet of the Cursed Ethics (worn) {Int+3, Dev, Sorc}
   (You bought it in a shop on level 6 of the Dungeon)

   It has a curse which improves the following skills: Devices: Evocations and
   Shapeshifting.
   Sorcery:   Conjurations and Alchemy.
 D - the cursed +3 plate armour of the All-seeing Ether (worn) {Range, Bglg}
   (You found it on level 7 of the Dungeon)

   It has a curse which improves the following skills: Ranged Combat: Ranged
   Weapons and Throwing.
   Beguiling: Hexes and Translocations.
 E - an orb of mayhem (worn)
 G - the cursed +0 cloak of Ashenzari's Inaction (worn) {Stlth+, Self, Cun}
   (You took it off Maurice on level 8 of the Dungeon)

   It has a curse which improves the following skills: Introspection: Fighting
   and Spellcasting.
   Cunning:   Dodging and Stealth.
 L - the cursed +0 pair of gloves "Bound Together" (worn) {Cun, Dev}
   (You found it on level 9 of the Dungeon)

   It has a curse which improves the following skills: Cunning: Dodging and
   Stealth.
   Devices:   Evocations and Shapeshifting.
Jewellery
 w - the cursed ring "Thunder Perfect Mind" (left hand) {rF+++ rN++ Will+ Int-5, Cun, Dev}
   (You acquired it on level 6 of the Dungeon)

   [ring of willpower]

   Int-5:     It affects your intelligence (-5).
   rF+++:     It renders you almost immune to fire.
   rN++:      It greatly protects you from negative energy.
   Will+:     It increases your willpower.
   It has a curse which improves the following skills: Cunning: Dodging and
   Stealth.
   Devices:   Evocations and Shapeshifting.
 M - the cursed amulet of Supernal Understanding (around neck) {Reflect SH+5, Bglg, Cun}
   (You bought it in a shop on level 4 of the Dungeon)

   [amulet of reflection]

   Reflect:   It reflects blocked missile attacks.
   SH+5:      It affects your SH (+5).
   It has a curse which improves the following skills: Beguiling: Hexes and
   Translocations.
   Cunning:   Dodging and Stealth.
 R - the ring of Emuteme {Fly rElec rF+ Stlth-}
   (You found it on level 5 of the Lair of Beasts)

   [ring of protection from fire]

   rF+:       It protects you from fire.
   rElec:     It insulates you from electricity.
   Fly:       It grants you flight.
   Stlth-:    It makes you less stealthy.
 S - the ring "Ungopoh" (right hand) {+Blink rPois rC+ rCorr Str+2}
   (You found it on level 5 of the Lair of Beasts)

   [ring of resist corrosion]

   Str+2:     It affects your strength (+2).
   rC+:       It protects you from cold.
   rPois:     It protects you from poison +Blink: It lets you blink.
   rCorr:     It protects you from acid and corrosion.
Wands
 k - a wand of paralysis (38)
 B - a wand of polymorph (17)
 H - a wand of mindburst (5)
 K - a wand of flame (26)
 N - a wand of light (15) {@v1}
 O - a wand of digging (27) {@v3}
 P - a wand of iceblast (19) {@v2}
Scrolls
 h - 14 scrolls of teleportation {@r3}
 i - 3 scrolls of fear
 j - 4 scrolls of blinking {@r4}
 p - 3 scrolls of summoning
 q - 4 scrolls of revelation
 r - a scroll of enchant weapon
 x - 5 scrolls of fog
 y - a scroll of silence
 U - a scroll of vulnerability
Potions
 a - 3 potions of enlightenment
 d - 14 potions of curing {@q1}
 e - 7 potions of ambrosia
 m - 4 potions of magic
 n - 4 potions of cancellation
 t - 6 potions of mutation
 u - a potion of resistance {@q5}
 v - 3 potions of berserk rage
 z - 3 potions of haste {@q4}
 F - 4 potions of brilliance
 J - 4 potions of might {@q3}
 V - a potion of invisibility
Miscellaneous
 o - a sack of spiders


   Skills:
 - Level 14.3(17.4) Fighting
 - Level 10.0 Short Blades
 - Level 14.3(17.4) Armour
 - Level 7.1(12.1) Dodging
 - Level 2.4(6.2) Stealth
 - Level 14.9(18.0) Spellcasting
 - Level 1.0(2.2) Conjurations
 - Level 8.0(11.2) Translocations
 + Level 17.0 Air Magic
 - Level 6.0(10.9) Evocations


You had 33 spell levels left.
You knew the following spells:

 Your Spells              Type           Power      Damage    Failure   Level
a - Shock                 Conj/Air       100%       1d9       1%          1
b - Swiftness             Air            54%        N/A       1%          3
c - Airstrike             Air            27%        2d(4-20)  1%          4
d - Apportation           Tloc           80%        N/A       1%          1
e - Blink                 Tloc           80%        N/A       1%          2
f - Passage of Golubria   Tloc           40%        N/A       4%          4
g - Teleport Other        Tloc           40%        N/A       1%          3
h - Gell's Gravitas       Tloc           40%        N/A       1%          3

Your spell library contained the following spells:

 Spells                   Type           Power      Damage    Failure   Level
 Lesser Beckoning         Tloc           80%        N/A       1%          2
 Static Discharge         Conj/Air       72%        3-6/arc   1%          2
 Momentum Strike          Conj/Tloc      58%        3d9       3%          2
 Summon Lightning Spire   Summ/Air       33%        N/A       12%         4
 Magic Dart               Conj           68%        1d6       16%         1
 Sting                    Conj/Alch      60%        1d6       24%         1
 Silence                  Hex/Air        17%        N/A       32%         5
 Dimensional Bullseye     Hex/Tloc       13%        N/A       36%         4
 Sandblast                Erth           22%        2d7       38%         1
 Jinxbite                 Hex            24%        N/A       45%         2
 Ensorcelled Hibernation  Hex/Ice        24%        N/A       50%         2
 Call Imp                 Summ           22%        N/A       52%         2
 Dispersal                Tloc           20%        N/A       52%         6
 Stone Arrow              Conj/Erth      28%        3d8       61%         3
 Freezing Cloud           Conj/Ice/Air   14%        6-21      63%         5
 Sigil of Binding         Hex            12%        N/A       71%         3
 Call Canine Familiar     Summ           11%        N/A       77%         3
 Fugue of the Fallen      Necr           11%        N/A       77%         3
 Passwall                 Erth           11%        N/A       77%         3
 Fulminant Prism          Conj/Alch      7%         3d7       94%         4
 Brom's Barrelling Bould  Conj/Erth      14%        2d4       95%         4
 Anguish                  Hex/Necr       6%         N/A       98%         4
 Iskenderun's Battlesphe  Conj           17%        2d7       99%         5
 Alistair's Intoxication  Alch           8%         N/A       100%        5
 Bombard                  Conj/Erth      7%         9d2       100%        6
 Spellforged Servitor     Conj/Summ      7%         N/A       100%        7
 Lehudib's Crystal Spear  Conj/Erth      7%         10d3      100%        8


Dungeon Overview and Level Annotations

Branches:
Dungeon (15/15)            Temple (1/1) D:4            Lair (5/5) D:11
  Swamp (4/4) Lair:2       Spider (4/4) Lair:3        Slime (0/5) Lair:4
    Orc (2/2) D:12            Elf (2/3) Orc:2        Vaults (0/5) D:13
 Depths (0/4) D:15        Ossuary (visited)          Bailey (visited)
  IceCv (visited)          WizLab (1/1)

Altars:
Ashenzari
Cheibriados
Dithmenos
Elyvilon
Fedhas
Gozag
Hepliaklqana
Kikubaaqudgha
Makhleb
Nemelex Xobeh
Okawaru
Qazlal
Ru
Sif Muna
Trog
Uskayaw
Vehumet
Wu Jian
Xom
Yredelemnul
Zin
The Shining One

Shops:
D:4 !(?==   D:6 [   D:10 [   D:15 !=   Orc:1 [   Orc:2 ([*:

Annotations:
D:13 3 runed translucent doors, Ostrumoaq's ghost, adept FoHu; Zesuymiq's ghost, journeyman DrSh
Spider:2 1 runed translucent door, YordlordTheGreat's ghost, adept HuCA
Spider:3 exclusion: sensed monster (detected)


Innate Abilities, Weirdness & Mutations

You have razor-sharp teeth.
You heal very quickly.
When hurt, damage is shared between your health and your magic reserves.
Your bite disrupts and absorbs the magic of your enemies.
Potions cannot restore your health.


Message History

The arrow hits you!
You completely miss the deep elf master archer.
You bite the deep elf master archer! You drain its power.
You feel invigorated.
The deep elf master archer shoots an arrow.
The arrow barely misses you.
You hit the deep elf master archer but do no damage.
Your bite misses the deep elf master archer.
You hit the deep elf master archer.
You bite the deep elf master archer, but do no damage.
The deep elf master archer shoots an arrow.
The arrow hits you!!
* * * LOW HITPOINT WARNING * * *
You barely miss the deep elf master archer.
You bite the deep elf master archer, but do no damage.
The deep elf master archer shoots an arrow.
The arrow hits you.
* * * LOW HITPOINT WARNING * * *
You hit the deep elf master archer. You hit the deep elf master archer.
The deep elf master archer shoots an arrow.
The arrow hits you.
* * * LOW HITPOINT WARNING * * *
You closely miss the deep elf master archer.
Your bite misses the deep elf master archer.
You barely miss the deep elf master archer.
You bite the deep elf master archer, but do no damage.
The deep elf master archer shoots an arrow.
The arrow hits you.
* * * LOW HITPOINT WARNING * * *
You barely miss the deep elf master archer.
You bite the deep elf master archer! You drain its power.
You feel invigorated.
The deep elf master archer shoots an arrow.
The arrow hits you!!
* * * LOW HITPOINT WARNING * * *
You completely miss the deep elf master archer.
You bite the deep elf master archer, but do no damage.
You closely miss the deep elf master archer.
The deep elf master archer shoots an arrow.
The arrow hits you!!
You die...

♣♣♣...♣♣♣♣♣##♣♣♣♣♣♣♣♣♣♣♣♣##♣♣
♣♣...♣♣♣♣#.♣ ♣♣♣♣♣ #.♣♣
♣♣.^.♣♣♣♣...♣ ♣♣.♣.♣♣ ♣.).
♣..e♣♣ ♣...♣♣ ♣♣.....♣♣ ♣♣..
♣...♣♣♣♣..♣♣ ♣.......♣ ♣♣.
♣♣..{♣♣.P..♣♣ ♣♣.....♣♣ ♣♣..
♣♣.|♣......♣♣♣♣♣##∩##♣♣♣♣♣...
♣♣)..........♣#.....#♣......
♣♣)..♣....@e....P.....P....
♣♣.....♣...♣...⌠...♣...♣..
♣♣...♣♣♣♣♣♣♣.....♣♣♣♣♣♣♣.
♣♣♣♣♣♣♣♣♣♣♣♣⌠.⌠♣♣♣♣♣♣♣♣♣
♣♣♣♣♣.....................
♣♣♣♣....................^....
♣♣.....♣♣♣♣♣♣♣♣♣♣♣♣.♣♣♣♣♣♣♣♣♣♣
♣♣.....♣♣♣♣♣♣ ♣♣♣..)....♣♣♣ ♣♣♣
♣...♣♣......♣♣♣...ß...ß...♣♣♣..


You could see a deep elf master archer.

Vanquished Creatures
  Jorgrun (D:14)
  A deep elf master archer (WizLab)
  Frances (Elf:1)
  Kirke (Lair:5)
  Aizul (Spider:1)
  A thorn hunter (WizLab)
  Agnes (D:14)
  2 azure jellies
  3 fenstrider witches (WizLab)
  5 emperor scorpions
  A ghost moth (Spider:4)
  A ghoul (Swamp:1)
  An orc warlord (Orc:1)
  6 broodmothers (Spider:4)
  10 eleionomae
  2 deep elf death magi (Elf:1)
  7 bunyips
  2 shambling mangroves (WizLab)
  3 entropy weavers (Spider:4)
  5 fire dragons
  2 vault guards (Bailey)
  4 catoblepae
  2 ice dragons
  Fannar (D:10)
  13 hydras
  11 alligators
  8 centaur warriors
  2 ghost crabs
  Erica (Orc:1)
  3 boulder beetles
  A radroach (Spider:2)
  2 jorogumos (Spider:4)
  3 dancing weapons (Elf:1)
  2 satyrs (WizLab)
  4 two-headed ogres
  3 tengu warriors (D:15)
  6 demonic crawlers
  4 orc high priests (Orc:2)
  A deep elf knight (Elf:1)
  A naga sharpshooter (WizLab)
  2 skysharks (Lair:4)
  An iron troll (D:14)
  5 goliath frogs
  3 pharaoh ants
  5 orb spiders
  3 spriggan druids
  A sun moth (Spider:4)
  2 steelbarb worms
  12 bog bodies
  10 swamp dragons
  4 lindwurms (Swamp:4)
  4 deep elf archers
  Pikel (D:5)
  A sun moth (shapeshifter) (D:13)
  5 deep elf zephyrmancers (Elf:1)
  A necromancer (Lair:4)
  3 orc knights (Orc:2)
  19 wolf spiders
  4 will-o-the-wisps
  13 deep elf pyromancers
  4 fauns (WizLab)
  2 orc sorcerers (Orc:2)
  3 ugly things
  4 kobold blastminers (Orc:1)
  3 manticores
  Maurice (D:8)
  2 cyclopes
  2 oklob plants
  5 meliai
  6 black mambas
  A black mamba (shapeshifter) (D:13)
  3 gargoyles
  10 cane toads
  2 kobold demonologists
  2 torpor snails
  Jeremiah (D:8)
  2 yaktaurs (WizLab)
  2 rime drakes
  An ice devil (D:13)
  18 komodo dragons
  6 trolls
  2 bloated husks (Swamp:2)
  14 hornets
  10 polar bears
  Prince Ribbit (Bailey)
  11 tyrant leeches
  Grinder (D:4)
  24 tarantellas
  25 blink frogs
  19 jumping spiders
  14 dream sheep
  6 slime creatures
  2 wraiths
  18 spriggans
  Sigmund (D:4)
  2 air elementals (Elf:1)
  12 culicivoras
  9 wyverns
  2 water elementals (D:15)
  2 shadows
  A fire elemental (Swamp:4)
  2 vampires
  6 basilisks
  2 humans (Bailey)
  84 yaks
  A steam dragon (Lair:2)
  31 redbacks
  4 wargs
  10 vampire mosquitoes
  Edmund (D:4)
  26 water moccasins
  2 acid dragons
  14 swamp worms
  5 swamp drakes (Swamp:4)
  4 black bears
  21 orc warriors
  An ice beast (shapeshifter) (D:13)
  An ice beast (D:10)
  2 sky beasts (D:8)
  4 boggarts (Lair:5)
  4 ogres (Orc:2)
  41 wolves
  13 centaurs
  4 lemures (D:4)
  A phantom (D:4)
  A weeping skull (Ossuary)
  24 bullfrogs
  4 kobold brigands
  4 necrophages (Swamp:1)
  6 water moccasin zombies (Ossuary)
  An earth elemental (Elf:2)
  2 two-headed ogre simulacra (IceCv)
  3 scorpions
  12 wights
  23 killer bees
  3 electric eels
  2 howler monkeys (D:10)
  A bombardier beetle (D:7)
  A spectral scorpion (Ossuary)
  2 hounds
  14 orc priests
  10 orc wizards
  A sleepcap (D:5)
  8 iguanas
  4 polar bear simulacra (Lair:4)
  2 spriggan simulacra (IceCv)
  A statue (D:14)
  A yak simulacrum (Lair:4)
  A troll simulacrum (IceCv)
  4 wolf simulacra
  A crocodile zombie (Ossuary)
  2 mummies (Ossuary)
  3 gnolls (D:7)
  2 river rats (Lair:4)
  6 adders
  A shadow imp (D:7)
  2 white imps
  5 ufetubi
  3 adder zombies (Ossuary)
  The ghost of Fastnbulbous the Sneak, a weakling DsDe (D:4)
  A dart slug (D:1)
  36 orcs
  6 bats
  6 endoplasms
  2 giant cockroaches (D:1)
  7 gnoll zombies (Ossuary)
  6 goblins
  6 hobgoblins
  3 jackals (D:2)
  3 quokkas
  4 ball pythons
  2 frilled lizards
  6 jackal zombies (Ossuary)
  25 kobolds
  4 orc zombies (Ossuary)
  4 rats (D:3)
  3 river rat simulacra (Lair:4)
1053 creatures vanquished.

Vanquished Creatures (collateral kills)
  A satyr (WizLab)
  A naga sharpshooter (WizLab)
  A deep elf zephyrmancer (Elf:1)
  2 deep elf pyromancers (Elf:1)
  An oklob plant (WizLab)
  A hornet (WizLab)
  2 killer bees (Lair:3)
9 creatures vanquished.

Vanquished Creatures (others)
  A naga sharpshooter (WizLab)
  A swamp dragon (Swamp:4)
  A freezing wraith (D:14)
  A water elemental (Elf:2)
  A yak (Lair:5)
  6 humans (Lair:5)
  4 swamp drakes (Swamp:4)
  A quokka (D:5)
  10 foxfires
26 creatures vanquished.

Grand Total: 1088 creatures vanquished

Notes
Turn   | Place    | Note
-------+----------+-------------------------------------------
     0 | D:1      | Colgate the Vine Stalker Air Elementalist began the quest
                  | for the Orb.
     0 | D:1      | Reached XP level 1. HP: 9/9 MP: 4/4
    78 | D:1      | Reached skill level 1 in Short Blades
   158 | D:1      | Reached XP level 2. HP: 13/13 MP: 6/6
   641 | D:1      | Reached XP level 3. HP: 16/16 MP: 5/7
  1829 | D:3      | Identified the +2 ring mail of Chimes {rF+ rCorr Dex+5
                  | Stlth-}
  1987 | D:3      | Reached XP level 4. HP: 18/21 MP: 6/8
  2364 | D:4      | Found a staircase to the Ecumenical Temple.
  2373 | Temple   | Entered the Ecumenical Temple
  2391 | Temple   | Became a worshipper of Ashenzari the Shackled
  2407 | D:4      | Found Muly's Magic Scroll Shoppe.
  2410 | D:4      | Found Ubayseitz's Weapon Shoppe.
  2415 | D:4      | Bought a scroll of teleportation for 39 gold pieces
  2415 | D:4      | Bought a scroll of summoning for 123 gold pieces
  2439 | D:4      | Found a sand-covered staircase.
  2446 | Ossuary  | Entered an ossuary
  2502 | Ossuary  | Reached XP level 5. HP: 24/24 MP: 9/9
  2577 | Ossuary  | Reached skill level 5 in Short Blades
  2577 | Ossuary  | Reached XP level 6. HP: 26/28 MP: 10/10
  2669 | Ossuary  | Reached XP level 7. HP: 32/32 MP: 11/11
  3066 | D:4      | Noticed Edmund
  3272 | D:4      | Noticed Sigmund
  3295 | D:4      | Killed Sigmund
  3328 | D:4      | Gained mutation: You have razor-sharp teeth. [Vine Stalker
                  | growth]
  3328 | D:4      | Reached XP level 8. HP: 32/36 MP: 12/12
  3362 | D:4      | Reached skill level 1 in Fighting
  3425 | D:4      | Noticed Grinder
  3441 | D:4      | Paralysed by Grinder for 4 turns
  3452 | D:4      | Killed Grinder
  3490 | D:4      | Found a glowing golden altar of the Shining One.
  3534 | D:4      | Killed Edmund
  3621 | D:4      | Found a runed translucent door.
  3758 | D:4      | Found Ifafred's Distillery.
  3766 | D:4      | Bought a potion of curing for 39 gold pieces
  4009 | D:4      | Noticed Fastnbulbous's ghost (weakling DsDe)
  4064 | D:4      | Found Borgh's Jewellery Emporium.
  4171 | D:4      | Found Ufirhirgh's Jewellery Shoppe.
  4227 | D:5      | Entered Level 5 of the Dungeon
  4472 | D:5      | Found a basalt altar of Yredelemnul.
  4536 | D:5      | Reached * piety under Ashenzari
  4785 | D:4      | Reached skill level 5 in Fighting
  4831 | D:5      | Noticed Pikel
  4944 | D:5      | Killed Pikel
  4945 | D:5      | Reached XP level 9. HP: 49/50 MP: 14/14
  5042 | D:5      | Found a basalt altar of Yredelemnul.
  5611 | D:6      | Reached ** piety under Ashenzari
  5757 | D:6      | You fall into a shaft and drop 1 floor!
  5845 | D:7      | Reached skill level 1 in Armour
  5924 | D:6      | Found Hym Lakh's Armour Boutique.
  6089 | D:6      | Identified 3 scrolls of acquirement
  6099 | D:6      | Acquired the ring of Cyor {rF+++ rN++ Will+ Int-5}
  6100 | D:6      | Acquired a manual of Air Magic
  6101 | D:6      | Acquired 700 gold pieces
  6196 | D:6      | Bought a +1 helmet of intelligence for 214 gold pieces
  6524 | D:6      | Found a sparkling altar of Nemelex Xobeh.
  6525 | D:6      | Found a glowing silver altar of Zin.
  6525 | D:6      | Found an iron altar of Okawaru.
  6671 | D:7      | Found a stormy altar of Qazlal.
  6671 | D:7      | Found a hide-covered altar of Uskayaw.
  7042 | D:8      | Reached skill level 5 in Spellcasting
  7239 | D:8      | Noticed a boulder beetle
  7519 | D:8      | Noticed Maurice
  7538 | D:8      | Reached XP level 10. HP: 56/56 MP: 22/22
  7548 | D:8      | Reached skill level 4 in Air Magic
  7556 | D:8      | Reached skill level 5 in Air Magic
  7567 | D:8      | Maurice stole a +0 rapier
  7577 | D:8      | Killed Maurice
  7578 | D:8      | Reached skill level 6 in Air Magic
  7634 | D:8      | Noticed Jeremiah
  7704 | D:8      | Killed Jeremiah
  7705 | D:8      | Reached skill level 7 in Air Magic
  7815 | D:8      | Reached *** piety under Ashenzari
  7863 | D:8      | Reached skill level 8 in Air Magic
  8060 | D:8      | Killed a boulder beetle
  8061 | D:8      | Reached skill level 10 in Air Magic
  8441 | D:8      | Learned a level 3 spell: Swiftness
  8570 | D:9      | Reached **** piety under Ashenzari
  8581 | D:9      | Noticed a two-headed ogre
  8661 | D:8      | Killed a two-headed ogre
  9028 | D:4      | Bought an amulet of regeneration for 300 gold pieces
  9500 | D:9      | Noticed a kobold demonologist
  9526 | D:9      | Killed a kobold demonologist
  9527 | D:9      | Reached XP level 11. HP: 63/63 MP: 27/27
  9828 | D:10     | Entered Level 10 of the Dungeon
  9828 | D:10     | Noticed Psyche
  9828 | D:10     | Noticed Sonja
  9829 | D:10     | Sonja changed into Sonja the black bear
  9829 | D:10     | Noticed Sonja
  9842 | D:9      | Killed Sonja the black bear
  9847 | D:10     | Psyche changed into Psyche the ice beast
  9847 | D:10     | Noticed Psyche
  9868 | D:10     | Killed Psyche the ice beast
 10059 | D:10     | Found a flagged portal.
 10068 | Bailey   | Entered a bailey
 10336 | Bailey   | Noticed a vault guard
 10336 | Bailey   | Noticed Prince Ribbit
 10378 | Bailey   | Killed a vault guard
 10383 | Bailey   | Killed Prince Ribbit
 10437 | Bailey   | Noticed a vault guard
 10496 | Bailey   | Killed a vault guard
 10536 | Bailey   | Reached skill level 10 in Spellcasting
 10615 | D:10     | Noticed Fannar
 10653 | D:10     | Killed Fannar
 10975 | D:10     | Found Summyfoq's Armour Boutique.
 11055 | D:10     | Reached ***** piety under Ashenzari
 11474 | D:10     | Reached XP level 12. HP: 72/72 MP: 30/30
 11577 | D:10     | Upgraded the game from 0.32-a0-39-g5c88369fb2 to
                  | 0.32-a0-119-g2e8054a333
 11678 | D:11     | Reached skill level 5 in Armour
 11899 | D:11     | Found a staircase to the Lair.
 11944 | D:11     | Reached skill level 1 in Evocations
 12358 | D:12     | Found a staircase to the Orcish Mines.
 12362 | D:12     | Noticed a two-headed ogre
 12438 | D:11     | Killed a two-headed ogre
 12853 | D:12     | Reached skill level 11 in Air Magic
 13381 | D:12     | Reached skill level 10 in Fighting
 13511 | D:13     | Found a frozen archway.
 13538 | D:13     | Noticed an ice dragon
 13689 | D:13     | Killed an ice dragon
 13690 | D:13     | Reached XP level 13. HP: 72/78 MP: 32/32
 13703 | IceCv    | Entered an ice cave
 14199 | Lair:1   | Entered Level 1 of the Lair of Beasts
 14313 | Lair:1   | Reached skill level 12 in Air Magic
 14345 | Lair:1   | Learned a level 4 spell: Airstrike
 14677 | Lair:1   | Found the +10 zealot's sword {holy, Zealotry, *Rage rN+
                  | EV+3}
 16267 | Lair:2   | Found a stormy altar of Qazlal.
 16379 | Lair:2   | Identified the +0 ring mail of the Stone Wall {Harm Dex+2}
 16515 | Lair:2   | Found a staircase to the Swamp.
 16870 | Lair:3   | Reached ****** piety under Ashenzari
 17245 | Lair:3   | Reached XP level 14. HP: 86/86 MP: 34/34
 17845 | Lair:3   | Reached skill level 10 in Armour
 18267 | Lair:3   | Found a hole to the Spider Nest.
 18637 | Lair:4   | Reached skill level 13 in Air Magic
 18917 | Lair:4   | Found a blossoming altar of Fedhas.
 19126 | Lair:4   | Found a runed translucent door.
 19128 | Lair:4   | Found a staircase to the Slime Pits.
 19128 | Lair:4   | Noticed an azure jelly
 19129 | Lair:4   | Noticed an azure jelly
 19727 | Lair:5   | Entered Level 5 of the Lair of Beasts
 19859 | Lair:5   | Noticed Kirke
 19868 | Lair:5   | Killed Kirke
 20379 | Lair:5   | Reached XP level 15. HP: 90/90 MP: 35/35
 21512 | Lair:5   | Identified the ring of Emuteme {Fly rElec rF+ Stlth-}
 21833 | Lair:5   | Identified the Handbook of Caustic Cold
 21871 | Lair:5   | Identified the ring "Ungopoh" {+Blink rPois rC+ rCorr
                  | Str+2}
 22080 | Orc:1    | Entered Level 1 of the Orcish Mines
 22080 | Orc:1    | Noticed Erica
 22083 | Orc:1    | Killed Erica
 22751 | Orc:1    | Identified the +0 scimitar of Irritation {spect, rF++ Str+2
                  | Int-5}
 22847 | Orc:1    | Found Cosh's Antique Armour Shoppe.
 23163 | Orc:2    | Entered Level 2 of the Orcish Mines
 23215 | Orc:2    | Noticed an orc warlord
 23322 | Orc:1    | Killed an orc warlord
 23499 | Orc:2    | Gained mutation: You heal very quickly. [a neqoxec]
 23726 | Orc:2    | Found Uveabue's General Store.
 24572 | Orc:2    | Found Goukhi Texo's Book Boutique.
 24627 | Orc:2    | Found a staircase to the Elven Halls.
 24814 | Orc:2    | Found Extytwic's Antique Armour Shoppe.
 24951 | Orc:2    | Found Veacles's Antique Weapon Shop.
 25386 | D:13     | Found a white marble altar of Elyvilon.
 25731 | D:13     | Found a runed translucent gate.
 25732 | D:13     | Found a runed translucent gate.
 25733 | D:13     | Found a runed translucent gate.
 25734 | D:13     | Found an ancient bone altar of Kikubaaqudgha.
 25734 | D:13     | Noticed Ostrumoaq's ghost (adept FoHu)
 25734 | D:13     | Identified the amulet of Ybrox {+Inv Will- Regen+ Str+4}
 25734 | D:13     | Noticed Zesuymiq's ghost (journeyman DrSh)
 25734 | D:13     | Noticed a lich
 25735 | D:13     | Noticed a lich
 25735 | D:13     | Noticed a lich
 25735 | D:13     | Identified Kikubaaqudgha's Secrets of the Autopsy
 25735 | D:13     | Identified the -1 helmet of Ethics {Harm *Corrode rC+}
 25779 | D:13     | Found a gate to the Vaults.
 25802 | D:13     | Reached skill level 14 in Air Magic
 25802 | D:13     | Upgraded the game from 0.32-a0-119-g2e8054a333 to
                  | 0.32-a0-123-g8a9189f6be
 25802 | D:13     | Upgraded the game from 0.32-a0-123-g8a9189f6be to
                  | 0.32-a0-126-g9fbf7fb75a
 26067 | D:14     | Found a radiant altar of Vehumet.
 26152 | D:14     | Noticed Jorgrun
 26440 | D:14     | Killed Jorgrun
 26513 | D:14     | Noticed Agnes
 26533 | D:14     | Killed Agnes
 26590 | D:14     | Reached skill level 15 in Air Magic
 26590 | D:14     | Found an ornate altar of the Wu Jian Council.
 26747 | D:14     | Noticed Rupert
 26749 | D:14     | Rupert changed into Rupert the iron troll
 26749 | D:14     | Noticed Rupert
 26825 | D:14     | Killed Rupert the iron troll
 27151 | D:14     | Reached XP level 16. HP: 89/95 MP: 31/37
 27700 | D:15     | Entered Level 15 of the Dungeon
 27840 | D:15     | Found a staircase to the Depths.
 27973 | D:15     | Found Safo Eso's Distillery.
 28036 | D:15     | Bought a potion of resistance for 140 gold pieces
 28392 | D:15     | Found Maugrom's Jewellery Shop.
 29220 | Spider:1 | Entered Level 1 of the Spider Nest
 30300 | Spider:1 | Reached skill level 1 in Translocations
 30302 | Spider:1 | Learned a level 1 spell: Apportation
 30305 | Spider:1 | Learned a level 2 spell: Blink
 31624 | Spider:2 | Found a runed translucent door.
 31625 | Spider:2 | Noticed YordlordTheGreat's ghost (adept HuCA)
 33053 | Spider:3 | Found the +8 demon blade "Leech" {evervamp, Harm ^Drain
                  | rN+}
 33166 | Spider:4 | Entered Level 4 of the Spider Nest
 34130 | Spider:4 | Identified the +5 ring mail "Tythaofu" {rF+}
 34515 | Spider:4 | Reached skill level 10 in Short Blades
 34515 | Spider:4 | Reached XP level 17. HP: 90/102 MP: 37/40
 36104 | Spider:4 | Got a gossamer rune of Zot
 36440 | D:4      | Bought an amulet of reflection for 300 gold pieces
 36445 | D:4      | Upgraded the game from 0.32-a0-126-g9fbf7fb75a to
                  | 0.32-a0-132-g2d33c3cfaf
 36445 | D:4      | Upgraded the game from 0.32-a0-132-g2d33c3cfaf to
                  | 0.32-a0-135-g14f8b2e1af
 36695 | Swamp:1  | Entered Level 1 of the Swamp
 39915 | Swamp:3  | Reached skill level 5 in Translocations
 39920 | Swamp:3  | Learned a level 4 spell: Passage of Golubria
 41334 | Swamp:3  | Reached XP level 18. HP: 106/108 MP: 41/41
 41778 | Swamp:4  | Entered Level 4 of the Swamp
 43026 | Swamp:4  | Reached skill level 5 in Evocations
 45422 | Swamp:4  | Reached skill level 5 in Dodging
 46034 | Swamp:4  | Identified the +7 trident of Defilement {drain, rC+ Int+3}
 46530 | Swamp:4  | Got a decaying rune of Zot
 46739 | Orc:1    | Bought an embroidered scarf for 232 gold pieces
 47137 | Orc:1    | Bought an embroidered hat for 203 gold pieces
 47137 | Orc:1    | Bought a masterwork robe for 165 gold pieces
 47137 | Orc:1    | Identified the +1 robe "Holam" {rPois MP-9 Dex+3 Stlth+}
                  | (You bought it in a shop on level 1 of the Orcish Mines)
 47146 | Orc:1    | Learned a level 3 spell: Teleport Other
 47350 | Orc:2    | Learned a level 3 spell: Gell's Gravitas
 47358 | Orc:2    | Found a staircase to the Elven Halls.
 47364 | Orc:2    | Found Goukhi Texo's Book Boutique.
 47590 | Orc:2    | Found Extytwic's Antique Armour Shoppe.
 47673 | Orc:2    | Found Veacles's Antique Weapon Shop.
 47940 | D:4      | Killed Fastnbulbous's ghost
 48538 | Lair:4   | Found a staircase to the Slime Pits.
 48603 | Lair:4   | Found a blossoming altar of Fedhas.
 49097 | Spider:1 | Identified the serpent talisman of Repulsion {rCorr Int+3}
 49097 | Spider:1 | Noticed Aizul
 49107 | Spider:1 | HP: 4/108 [Aizul/bolt of poison (6)]
 49120 | Spider:1 | Killed Aizul
 49385 | Elf:1    | Entered Level 1 of the Elven Halls
 50683 | Elf:1    | Noticed Frances
 52084 | Elf:1    | Killed Frances
 52631 | Elf:2    | Found a magical portal.
 52649 | WizLab   | Entered Eringya's Formal Garden
 52772 | WizLab   | Reached skill level 16 in Air Magic
 53866 | WizLab   | Reached XP level 19. HP: 106/112 MP: 42/42
 54363 | WizLab   | Reached skill level 17 in Air Magic
 54439 | WizLab   | Shot with an arrow by a deep elf master archer

Illustrated notes

Levels and vault maps discovered:
D:1:      evilmike_arrival_home_sweet_home, layout_basic, minmay_pentomino_w2
D:2:      layout_basic, chequers_serial_rivers_large_b
D:3:      layout_basic
D:4:      layout_basic, mainiacjoe_overflow_boulevard,
          minmay_temple_entry_water_ring, chequers_ossuary_entry_cave,
          serial_shops, shop, shop, shop, shop, kennysheep_little_box,
          ebering_ghost_reflecting_pool, grunt_ministairs_15, uniq_sigmund,
          uniq_edmund, uniq_grinder
D:5:      layout_cave_pools, mainiacjoe_overflow_concentric_impassable,
          uniq_pikel
D:6:      layout_basic, gammafunk_temple_overflow_claw, nicolae_stop_n_shop_1
D:7:      layout_rooms, chequers_temple_overflow_statue_of_worship
D:8:      layout_loops_corners, uniq_jeremiah, uniq_maurice
D:9:      layout_small_grid, nicolae_titane
D:10:     layout_rooms, serial_aquarium, aquarium_bridge_island_small
          [aquarium_subvault_small_water, aquarium_subvault_bridge,
          aquarium_subvault_bridge, aquarium_subvault_bridge,
          aquarium_subvault_bridge], aquarium_bridge_straight
          [aquarium_subvault_bridge, aquarium_subvault_window,
          aquarium_subvault_bridge, aquarium_subvault_window],
          aquarium_window_fake, aquarium_window_2, aquarium_window_1,
          aquarium_view_2a, aquarium_view_2f, serial_shops, shop,
          enter_bailey_8, uniq_fannar, uniq_psyche, uniq_sonja
D:11:     layout_cave_pools, minmay_lair_entry_grove
D:12:     layout_gridville, orc_0_dummy, nicolae_twisting_strands
D:13:     layout_basic, david_vaults_2, gammafunk_ghost_crypt,
          portal_ice_cave_entry_animals_and_master, chequers_avenue,
          elyvilon_altar_3
D:14:     layout_basic, nzn_wu_jian_council_hall, vehumet_statue, uniq_jorgrun,
          uniq_rupert, uniq_agnes
D:15:     grunt_enter_depths_hoard, layout_basic, bh_walls_and_bars,
          serial_bayou, serial_bayou_shore_b, serial_bayou_pond_b,
          serial_bayou_pond_e, serial_bayou_shore_a, serial_shops, shop, shop
Temple:   bh_familiar_temple
Lair:1:   layout_chaotic_city, grunt_megastairs_4, lemuel_fruit_tree,
          infiniplex_staircase_pool_2
Lair:2:   layout_regular_city, minmay_swamp_entry_worms, basic_altar,
          beast_lair_carwin_4
Lair:3:   beast_lair_carwin_large_4, layout_big_grid,
          hellmonk_spider_entry_not_the_bees
Lair:4:   layout_gridlike, slime_entry_2, basic_altar, eino_house_with_fridge
Lair:5:   minmay_lair_end_enchanted_forest, layout_misc_corridors,
          nicolae_quartered_pool_medium, serial_bayou_shore_b,
          grunt_megastairs_5, uniq_kirke
Swamp:1:  layout_basic_swamp, nicolae_swamp_some_circles, swamp_pool_4,
          hangedman_swamp_ravenous
Swamp:2:  layout_basic_swamp, evilmike_swamp_ruin_house_1, swamp_pool_1_2
Swamp:3:  layout_basic_swamp, serial_swamp_ruin, evilmike_swamp_ruin_house_2,
          evilmike_swamp_ruin_house_4, evilmike_swamp_ruin_house_5
Swamp:4:  swamp_fiery, layout_basic_swamp, swamp_pool_4,
          nicolae_swamp_tree_isthmus
Spider:1: layout_spider_delve, uniq_aizul
Spider:2: layout_chambers, ebering_ghost_reflecting_pool,
          spiders_nest_spider_trap
Spider:3: layout_spider_delve, uniq_mlioglotl
Spider:4: hellmonk_spider_rune_endless_swarm, nicolae_spider_webbed_stairs
Orc:1:    layout_caves, serial_shops, nicolae_shop_just_a_little_nook,
          basic_altar, mines3_lemuel, uniq_erica
Orc:2:    grunt_orc_gardens, layout_diamond_mine, grunt_orc_garden,
          grunt_orc_garden, grunt_orc_garden, grunt_orc_garden,
          nicolae_orc_lost_temple
Elf:1:    eino_elf_arrival_customs, layout_geoelf_octagon,
          minmay_elf_crystal_heptagon, serial_sigils_hangedman_writhe,
          uniq_frances
Elf:2:    elven_hall_of_blades_hangedman_alternative
          [nooodl_blade_entry_preview], layout_loops_cross, mu_enter_wizlab_3,
          minivault_20, serial_library_hellmonk_big_corner, drop_trap,
          uniq_nikola
WizLab:   wizlab_eringya

Skill      XL: |  1  2  3  4  5  6  7  8  9 10 11 12 13 14 15 16 17 18 19 |
---------------+----------------------------------------------------------+-----
Short Blades   | 1 2 3 4 5 6 7 8 10 | 10.0
Fighting       | 6 7 9 10 11 12 13 14 | 14.3
Spellcasting   | 6 8 10 11 13 14 | 14.9
Armour         | 3 4 7 9 12 13 14 | 14.3
Air Magic      | 10 11 12 13 15 16 17 | 17.0
Evocations     | 2 4 6 |  6.0
Translocations | 3 6 8 |  8.0
Dodging        | 4 7 |  7.1
Stealth        | |  2.4
Conjurations   | |  1.0

Action                     |  1- 3 |  4- 6 |  7- 9 | 10-12 | 13-15 | 16-18 | 19-21 || total
---------------------------+-------+-------+-------+-------+-------+-------+-------++-------
  Melee: Unarmed           |    62 |       |       |       |       |       |       ||    62
         Bite              |    39 |    62 |   193 |   597 |  1234 |  1236 |    71 ||  3432
         Short sword       |    38 |       |       |       |  2041 |  2529 |   125 ||  4733
         Dagger            |    51 |    36 |   533 |  1447 |   652 |       |       ||  2719
         Punch             |     1 |     3 |     8 |       |       |       |       ||    12
         Rapier            |       |   158 |    45 |       |       |       |       ||   203
   Cast: Airstrike         |       |       |       |       |   286 |   540 |     5 ||   831
         Swiftness         |       |       |       |       |     3 |       |       ||     3
         Shock             |       |       |       |       |     1 |       |       ||     1
         Passage of Golubr |       |       |       |       |       |    18 |    31 ||    49
         Teleport Other    |       |       |       |       |       |    11 |     1 ||    12
         Blink             |       |       |       |       |       |     4 |       ||     4
         Apportation       |       |       |       |       |       |     2 |       ||     2
         Gell's Gravitas   |       |       |       |       |       |     1 |       ||     1
 Invoke: Curse Item        |       |       |     4 |     5 |     2 |     1 |       ||    12
         Shatter the Chain |       |       |       |       |     2 |     2 |       ||     4
  Evoke: Wand              |       |       |       |     7 |     1 |    12 |       ||    20
         Sack of spiders   |       |       |       |       |     1 |       |       ||     1
    Use: Scroll            |       |       |     6 |       |     5 |       |       ||    11
         Potion            |       |       |       |       |     1 |    10 |       ||    11
   Stab: Sleeping          |     5 |       |       |       |       |       |       ||     5
         Distracted        |     1 |       |       |       |       |       |       ||     1
         Petrified         |       |       |       |       |     4 |       |       ||     4
         Invisible         |       |       |       |       |       |     3 |       ||     3
 Armour: Robe              |    63 |       |       |       |       |       |       ||    63
         Scale mail        |    40 |    19 |       |       |       |       |       ||    59
         Ring mail         |       |    95 |   224 |       |       |       |       ||   319
         Plate armour      |       |       |   145 |   878 |  1825 |  1948 |    68 ||  4864
  Dodge: Dodged            |   119 |    71 |   216 |   232 |   603 |   645 |    20 ||  1906
  Block: Buckler           |       |       |    32 |   166 |   319 |   361 |       ||   878
         Reflection        |       |       |       |       |       |     1 |       ||     1

Table legend: (Time is in decaauts)
 A = Elapsed time spent in this place.
 B = Non-inter-level travel time spent in this place.
 C = Inter-level travel time spent in this place.
 D = Time resting spent in this place.
 E = Time spent auto-exploring this place.
 F = Levels seen in this place.
 G = Mean time per level.
                   A        B        C        D        E       F      G
               +--------+--------+--------+--------+--------+-----+--------+
         Total |  50846 |  45991 |   4855 |   9113 |  26730 |  37 | 1374.2 |
       Dungeon |  17206 |  14408 |   2798 |    693 |   9920 |  15 | 1147.1 |
        Temple |     29 |     18 |     11 |      0 |      0 |   1 |   29.0 |
          Lair |   8129 |   7152 |    977 |    294 |   5145 |   5 | 1625.8 |
         Swamp |   9652 |   9383 |    269 |   4668 |   3653 |   4 | 2413.0 |
   Spider Nest |   6683 |   6066 |    617 |   1096 |   3411 |   4 | 1670.8 |
  Orcish Mines |   3292 |   3126 |    166 |    674 |   1894 |   2 | 1646.0 |
   Elven Halls |   3094 |   3079 |     15 |    685 |   1991 |   2 | 1547.0 |
       Ossuary |    434 |    434 |      0 |     16 |    167 |   1 |  434.0 |
        Bailey |    433 |    433 |      0 |     10 |    183 |   1 |  433.0 |
      Ice Cave |    337 |    337 |      0 |    246 |      0 |   1 |  337.0 |
        Wizlab |   1553 |   1553 |      0 |    730 |    364 |   1 | 1553.0 |
               +--------+--------+--------+--------+--------+-----+--------+

Top non-repeatable levels by time:
 Swamp:4: 4191 daAuts
   Elf:1: 3012 daAuts
Spider:4: 2701 daAuts
Spider:2: 2204 daAuts
  Lair:5: 1957 daAuts
 Swamp:3: 1900 daAuts
   Orc:2: 1852 daAuts
 Swamp:2: 1780 daAuts
 Swamp:1: 1780 daAuts
  Lair:4: 1758 daAuts
     D:8: 1757 daAuts
     D:4: 1742 daAuts
  Lair:1: 1603 daAuts
  WizLab: 1553 daAuts
  Lair:2: 1528 daAuts
